 Dungeon Crawl Stone Soup version 0.29-a0-393-g47a863cc1b (webtiles) character file.

Game seed: 6647903985323831066

111997 chopper the Peltast (level 16, -7/144 HPs)
             Began as a Minotaur Fighter on May 8, 2022.
             Was the Champion of Qazlal.
             Succumbed to an emperor scorpion's poison
             ... on level 1 of the Spider Nest on May 10, 2022.
             The game lasted 03:22:56 (27223 turns).

chopper the Peltast (Minotaur Fighter)             Turns: 27223, Time: 03:22:57

Health: -7/144     AC: 34    Str: 37    XL:     16   Next: 10%
Magic:  15/15      EV: 10    Int:  7    God:    Qazlal [******]
Gold:   1720       SH:  0    Dex: 11    Spells: 15/15 levels left

rFire   . . .      SeeInvis +   a - +9 war axe (chaos)
rCold   . . .      Faith    .   A - +2 tower shield
rNeg    . . .      Spirit   .   G - +11 chain mail of Okawaru's Inspiration {rCorr Str+5 Stlth+}
rPois   .          Reflect  .   I - +0 mask of the Dragon {Will+ Slay+3 SInv}
rElec   .          Harm     .   m - +0 cloak
rCorr   +          Rampage  .   (no gloves)
Will    ++...                   P - +0 pair of boots {Stlth+}
Stlth   ..........              o - amulet of regeneration
HPRegen 1.14/turn               E - +4 ring of protection
MPRegen 0.14/turn               c - +6 ring of strength

@: confused, lethally poisoned (-7 -> -66), protected from physical damage,
repel missiles
A: horns 2, retaliatory headbutt
a: Renounce Religion, Upheaval, Elemental Force, Disaster Area


You were on level 1 of the Spider Nest.
You worshipped Qazlal.
Qazlal was exalted by your worship.
You visited 6 branches of the dungeon, and saw 26 of its levels.
You also visited: Ice Cave.

You collected 2781 gold pieces.
You spent 1061 gold pieces at shops.

Inventory:

Hand Weapons
 a - a +9 war axe of chaos (weapon)
 s - a +2 falchion of flaming
 u - a +3 battleaxe of flaming
 B - the +6 rapier of Mutilation {drain, Stlth+}
   (You found it on level 3 of the Dungeon)

   A truly terrible weapon, it drains the life of any living foe it strikes.
   Stlth:     It makes you more stealthy.
 K - a +3 short sword of holy wrath
 Q - a +2 vampiric war axe
 S - a +4 hand axe of freezing
 V - a +5 vampiric morningstar
Missiles
 l - 25 boomerangs (quivered)
 y - 34 poisoned darts
Armour
 m - a +0 cloak (worn)
 A - a +2 tower shield (worn)
 G - the +11 chain mail of Okawaru's Inspiration (worn) {rCorr Str+5 Stlth+}
   (You found it on level 4 of the Dungeon)

   Str:       It affects your strength (+5).
   rCorr:     It protects you from acid and corrosion.
   Stlth:     It makes you more stealthy.
 I - the +0 mask of the Dragon (worn) {Will+ Slay+3 SInv}
   (You bought it in a shop on level 14 of the Dungeon)

   Slay:      It affects your accuracy & damage with ranged weapons and melee
   (+3).
   SInv:      It lets you see invisible.
   Will:      It increases your willpower.
 M - the +4 scale mail "Bickauto" {-Tele Will++ Dex+3}
   (You found it on level 1 of the Spider Nest)

   Dex:       It affects your dexterity (+3).
   -Tele:     It prevents most forms of teleportation.
   Will:      It greatly increases your willpower.
 P - a +0 pair of boots of stealth (worn)
Jewellery
 c - a +6 ring of strength (right hand)
 f - an amulet of reflection
 h - a ring of positive energy
 o - an amulet of regeneration (around neck)
 w - a ring of resist corrosion
 D - a ring of willpower
 E - a +4 ring of protection (left hand)
 O - a ring of poison resistance
 U - an amulet of magic regeneration
Wands
 g - a wand of iceblast (7)
 v - a wand of polymorph (3)
 F - a wand of flame (44)
 L - a wand of digging (2)
 N - a wand of mindburst (16)
 Y - a wand of charming (5)
 Z - a wand of acid (2)
Scrolls
 d - 2 scrolls of fear
 e - 6 scrolls of fog
 i - 10 scrolls of teleportation
 n - 2 scrolls of summoning
 J - a scroll of enchant armour {unknown}
 R - a scroll of blinking
 T - 3 scrolls of silence
 W - a scroll of acquirement {unknown}
 X - a scroll of poison {unknown}
Potions
 b - 11 potions of curing
 j - a potion of cancellation
 k - 3 potions of invisibility
 p - a potion of haste
 q - a potion of magic
 r - 3 potions of berserk rage
 t - 8 potions of lignification
 x - 3 potions of might
 z - 2 potions of flight
 C - a potion of resistance {unknown}
 H - 3 potions of brilliance


   Skills:
 + Level 13.3 Fighting
 + Level 4.7 Short Blades
 + Level 16.1(17.8) Axes
 + Level 12.7(16.1) Maces & Flails
 + Level 2.7 Throwing
 + Level 13.4 Armour
 + Level 6.0 Dodging
 + Level 2.9 Stealth
 + Level 19.9 Shields
 + Level 0.7 Evocations


You had 15 spell levels left.
You didn't know any spells.
Your spell library contained the following spells:

 Spells                   Type           Power      Damage    Failure   Level
 Apportation              Tloc           0%         N/A       95%         1
 Pain                     Necr           0%         1d4       95%         1
 Shock                    Conj/Air       0%         1d3       95%         1
 Sublimation of Blood     Necr           0%         N/A       99%         2
 Call Canine Familiar     Summ           0%         N/A       100%        3
 Frozen Ramparts          Ice            0%         1d2       100%        3
 Gell's Gravitas          Tloc           0%         N/A       100%        3
 Ozocubu's Armour         Ice            0%         N/A       100%        3
 Portal Projectile        Hex/Tloc       0%         N/A       100%        3
 Swiftness                Air            0%         N/A       100%        3
 Teleport Other           Tloc           0%         N/A       100%        3
 Airstrike                Air            0%         N/A       100%        4
 Ice Form                 Ice/Tmut       0%         N/A       100%        4
 Leda's Liquefaction      Hex/Erth       0%         N/A       100%        4
 Petrify                  Tmut/Erth      0%         N/A       100%        4
 Summon Ice Beast         Ice/Summ       0%         N/A       100%        4
 Agony                    Necr           0%         N/A       100%        5
 Alistair's Intoxication  Tmut/Pois      0%         N/A       100%        5
 Blade Hands              Tmut           0%         N/A       100%        5
 Excruciating Wounds      Necr           0%         N/A       100%        5
 Freezing Cloud           Conj/Ice/Air   0%         6-21      100%        5
 Irradiate                Conj/Tmut      0%         3d13      100%        5
 Metabolic Englaciation   Hex/Ice        0%         N/A       100%        5
 Silence                  Hex/Air        0%         N/A       100%        5
 Yara's Violent Unravell  Hex/Tmut       0%         3d3       100%        5
 Conjure Ball Lightning   Conj/Air       0%         3x3d6     100%        6
 Dispersal                Tloc           0%         N/A       100%        6
 Simulacrum               Ice/Necr       0%         N/A       100%        6
 Statue Form              Tmut/Erth      0%         N/A       100%        6
 Dragon Form              Tmut           0%         N/A       100%        7
 Discord                  Hex            0%         N/A       100%        8
 Disjunction              Tloc           0%         N/A       100%        8
 Polar Vortex             Ice            0%         N/A       100%        9


Dungeon Overview and Level Annotations

Branches:
Dungeon (14/15)            Temple (0/1) D:7            Lair (6/6) D:9
  Swamp (0/4) Lair:4       Spider (2/4) Lair:2        Slime (1/5) Lair:6
    Orc (2/2) D:12            Elf (1/3) Orc:2        Vaults (0/5) D:13
  IceCv (visited)

Altars:
Cheibriados
Elyvilon
Fedhas
Gozag
Kikubaaqudgha
Makhleb
Qazlal
Sif Muna
Trog
Uskayaw
Xom
Yredelemnul
Jiyva

Shops:
D:11 (*   D:12 [   D:14 [   Orc:2 [(**[(   Elf:1 [

Annotations:
D:6 2 runed translucent doors, Pooter's ghost, novice MiBe
D:11 3 runed translucent doors, exclusion: obsidian statue, thiscave3701365's ghost, novice MiBe
Lair:4 1 runed translucent door, Dobruq's ghost, journeyman OgTm
Lair:6 2 transporters, Bunu's ghost, journeyman TeAE


Innate Abilities, Weirdness & Mutations

You have a pair of horns on your head.
You reflexively headbutt those who attack you in melee.


Message History

You hear an angry hiss.
You block the redback's attack. The redback bites you!
The emperor scorpion stings you!
You are poisoned.
The emperor scorpion poisons you!
You block the emperor scorpion's attack.
The emperor scorpion claws you!
You feel more protected from physical attacks.
A culicivora comes into view.
You block the tarantella's attack.
A redback comes into view.
The moth of wrath goads the redback on!
The redback goes berserk!
The redback is engulfed in freezing vapours.
A tarantella comes into view.
The moth of wrath closely misses you. You block the redback's attack.
The redback barely misses you. You furiously retaliate!
You headbutt the redback. The emperor scorpion stings you!!
You are lethally poisoned!
The emperor scorpion poisons you!
The emperor scorpion claws you but does no damage.
The emperor scorpion claws you!
* * * LOW HITPOINT WARNING * * *
Unknown command.
* * * LOW HITPOINT WARNING * * *
You feel extremely sick.
The redback is engulfed in freezing vapours.
The redback closely misses you. You block the redback's attack.
The tarantella touches you.
* * * LOW HITPOINT WARNING * * *
You are confused.
The redback is engulfed in freezing vapours.
The emperor scorpion stings you but does no damage.
The emperor scorpion barely misses you. The emperor scorpion claws you.
* * * LOW HITPOINT WARNING * * *
You feel more protected from physical attacks.
The moth of wrath completely misses you.
The redback bites you but does no damage. x2
The redback closely misses you.
You climb upwards.
You die...

......(# #.# ##........##
[.###.## ### ##..#....#
..#..## #.## ##.......#
..#### ##.#####.#####.##
...## ##.#.....## ### ....#
###.........# ####
..######...........###..###
..#.##....(....s..###.....#
..#..#.........s@y###.....#
...##..#.......ss.##......#
..####...........###.....#
...# ##.......(..##......#
..## ##..........#......#
...# #.##.....#.^.....#.#
...# ##.#####.####.....###
..## #...###..###......#
...# ##....#.##...#^.###


You could see an emperor scorpion (berserk), a moth of wrath, a tarantella
(agile) and 2 redbacks.

Vanquished Creatures
  An emperor scorpion (Spider:1)
  An orc warlord (Orc:1)
  A very ugly thing (D:14)
  A quicksilver ooze (Lair:6)
  3 white draconians (IceCv)
  Josephine (D:13)
  2 deep elf high priests (Elf:1)
  3 boulder beetles
  5 hydras
  3 centaur warriors
  3 ogre magi
  A jorogumo (Spider:1)
  3 catoblepae (Lair:6)
  14 two-headed ogres
  4 death yaks (Lair:6)
  2 dancing weapons (Elf:1)
  3 orc high priests
  A deep elf knight (Elf:1)
  A sun moth (Lair:2)
  2 steelbarb worms (Spider:1)
  2 deep trolls
  An orc knight (D:14)
  5 deep elf archers (Elf:1)
  2 manticores
  13 deep elf zephyrmancers (Elf:1)
  7 deep elf pyromancers (Elf:1)
  3 ugly things
  5 cyclopes
  2 orc sorcerers (Orc:1)
  Maurice (D:13)
  2 moths of wrath
  A will-o-the-wisp (Lair:4)
  5 wolf spiders (Spider:1)
  17 elephants
  4 black mambas
  12 cane toads
  6 torpor snails
  2 storm dragon simulacra (IceCv)
  A gargoyle (D:12)
  2 unseen horrors
  10 komodo dragons
  3 rime drakes
  A demonic crawler (Spider:1)
  16 trolls
  A queen bee (Spider:1)
  3 meliai (Spider:1)
  7 golden dragon simulacra (IceCv)
  3 polar bears
  2 hornets
  2 tarantellas (Spider:1)
  5 blink frogs
  13 slime creatures
  Grinder (D:4)
  7 jumping spiders
  2 shadows
  An air elemental (Elf:1)
  14 culicivoras
  46 yaks
  A water elemental (Elf:1)
  Sigmund (D:4)
  8 wraiths
  A golden eye (Lair:4)
  7 wyverns
  3 basilisks
  21 redbacks
  A steam dragon (D:7)
  2 wargs (D:14)
  Menkaure (D:5)
  2 swamp worms (D:7)
  An acid dragon (D:10)
  14 water moccasins
  9 black bears
  Duvessa (D:5)
  2 ice beasts
  11 orc warriors
  27 ogres
  5 centaurs
  26 wolves
  2 kobold brigands
  10 bullfrogs
  3 scorpions
  An earth elemental (Elf:1)
  15 wights
  A hornet simulacrum (D:14)
  Dowan (D:5)
  4 lindwurm simulacra (IceCv)
  15 killer bees
  2 howler monkeys
  4 crimson imps (D:9)
  2 hounds (D:5)
  3 jellies
  7 orc priests
  Jessica (D:3)
  5 hell rats (Lair:2)
  21 orc wizards
  4 iguanas
  7 adders
  2 white imps
  An ufetubus (D:5)
  A worm (D:2)
  A dart slug (D:2)
  52 orcs
  7 ball pythons
  5 endoplasms
  2 giant cockroaches
  6 hobgoblins
  6 jackals
  14 kobolds
  2 quokkas
  9 bats
  3 frilled lizards
  13 goblins
  3 rats
  A fungus (Lair:1)
665 creatures vanquished.

Vanquished Creatures (collateral kills)
  An orc warlord (Orc:1)
  An orc sorcerer (Orc:1)
  A troll (Orc:1)
  An orc priest (Orc:1)
  An orc (Orc:1)
5 creatures vanquished.

Vanquished Creatures (others)
  A water elemental (Elf:1)
  A quokka (D:6)
  A bat (D:3)
  4 foxfires (Lair:4)
  44 fungi
  78 plants
129 creatures vanquished.

Grand Total: 799 creatures vanquished

Notes
Turn   | Place    | Note
-------+----------+-------------------------------------------
     0 | D:1      | chopper the Minotaur Fighter began the quest for the Orb.
     0 | D:1      | Reached XP level 1. HP: 19/19 MP: 0/0
   120 | D:1      | Reached XP level 2. HP: 20/27 MP: 1/1
   124 | D:1      | Reached skill level 4 in Shields
   311 | D:1      | Found a faded altar of an unknown god.
   646 | D:2      | Reached XP level 3. HP: 33/33 MP: 2/2
   980 | D:2      | Found a hide-covered altar of Uskayaw.
  1534 | D:3      | Identified the +6 rapier of Mutilation {drain, Stlth+}
  1553 | D:3      | Noticed Jessica
  1567 | D:3      | Killed Jessica
  1568 | D:3      | Reached XP level 4. HP: 39/40 MP: 3/3
  1576 | D:3      | Found a shimmering blue altar of Sif Muna.
  2422 | D:3      | Got the Incunabulum of Unstable Air
  2858 | D:4      | Noticed a scorpion
  2869 | D:4      | Killed a scorpion
  2870 | D:4      | Reached XP level 5. HP: 41/46 MP: 4/4
  2959 | D:4      | Noticed Sigmund
  2975 | D:4      | Killed Sigmund
  2976 | D:4      | Reached skill level 5 in Axes
  2976 | D:4      | Reached skill level 5 in Armour
  2976 | D:4      | Reached skill level 5 in Shields
  2976 | D:4      | Reached XP level 6. HP: 29/53 MP: 5/5
  3007 | D:4      | Noticed Grinder
  3040 | D:4      | Paralysed by Grinder for 3 turns
  3045 | D:4      | Killed Grinder
  3129 | D:4      | Found a basalt altar of Yredelemnul.
  3134 | D:4      | Found a burning altar of Makhleb.
  3197 | D:4      | Reached XP level 7. HP: 60/60 MP: 6/6
  3535 | D:4      | Identified the +11 chain mail of Okawaru's Inspiration
                  | {rCorr Str+5 Stlth+}
  3910 | D:5      | Entered Level 5 of the Dungeon
  3942 | D:5      | Reached skill level 6 in Shields
  3948 | D:5      | Reached skill level 1 in Dodging
  4200 | D:5      | Found a stormy altar of Qazlal.
  4201 | D:5      | Found a blossoming altar of Fedhas.
  4202 | D:5      | Noticed Duvessa
  4202 | D:5      | Noticed Dowan
  4205 | D:5      | Reached XP level 8. HP: 67/67 MP: 7/7
  4216 | D:5      | Noticed Menkaure
  4219 | D:5      | Killed Duvessa
  4222 | D:5      | Killed Dowan
  4223 | D:5      | Reached skill level 5 in Fighting
  4540 | D:5      | Killed Menkaure
  4541 | D:5      | Reached skill level 7 in Shields
  4656 | D:5      | Became a worshipper of Qazlal Stormbringer
  5188 | D:6      | Reached skill level 8 in Shields
  5209 | D:6      | Found a large runed translucent door.
  5209 | D:6      | Found a large runed translucent door.
  5214 | D:6      | Noticed Pooter's ghost (novice MiBe)
  5231 | D:6      | Reached skill level 1 in Short Blades
  5276 | D:6      | Found a white marble altar of Elyvilon.
  5711 | D:7      | Reached XP level 9. HP: 75/75 MP: 8/8
  5876 | D:7      | Reached * piety under Qazlal
  5940 | D:7      | Found a staircase to the Ecumenical Temple.
  6245 | D:7      | Reached skill level 9 in Shields
  6991 | D:8      | Noticed a two-headed ogre
  6999 | D:8      | Killed a two-headed ogre
  7000 | D:8      | Reached skill level 10 in Axes
  7266 | D:8      | Reached XP level 10. HP: 76/84 MP: 9/9
  7501 | D:8      | Reached skill level 10 in Shields
  7663 | D:8      | Reached ** piety under Qazlal
  7868 | D:9      | Reached skill level 1 in Maces & Flails
  8142 | D:9      | Found a shimmering altar of Xom.
  8233 | D:9      | Found a staircase to the Lair.
  8262 | D:9      | Reached skill level 11 in Shields
  8357 | D:9      | Noticed a two-headed ogre
  8368 | D:9      | Killed a two-headed ogre
  8600 | Lair:1   | Entered Level 1 of the Lair of Beasts
  8625 | Lair:1   | Noticed a cane toad
  8633 | Lair:1   | Killed a cane toad
  8698 | Lair:1   | Reached skill level 5 in Maces & Flails
  8802 | Lair:1   | Reached XP level 11. HP: 93/93 MP: 10/10
  9236 | Lair:2   | Reached skill level 12 in Shields
  9335 | Lair:2   | Reached *** piety under Qazlal
  9456 | Lair:2   | Found a hole to the Spider Nest.
  9578 | Lair:2   | Noticed a boulder beetle
  9626 | Lair:2   | Killed a boulder beetle
 10054 | Lair:2   | Reached skill level 13 in Shields
 10320 | Lair:2   | Reached **** piety under Qazlal
 10488 | Lair:3   | Noticed a six-headed hydra
 10728 | D:10     | Entered Level 10 of the Dungeon
 10846 | D:10     | Found the +7 staff of the Meek {protect, meekguard}
 11279 | D:10     | Upgraded the game from 0.29-a0-384-g6960b1960d to
                  | 0.29-a0-392-g297d3b089c
 11308 | D:11     | Reached XP level 12. HP: 103/103 MP: 11/11
 11548 | D:11     | Noticed a two-headed ogre
 11583 | D:11     | Killed a two-headed ogre
 11584 | D:11     | Reached skill level 10 in Maces & Flails
 11598 | D:11     | Noticed a boulder beetle
 11617 | D:11     | Killed a boulder beetle
 11751 | D:11     | Found a runed translucent gate.
 11752 | D:11     | Found a runed translucent gate.
 11752 | D:11     | Found an opulent altar of Gozag.
 11753 | D:11     | Found a runed translucent gate.
 11825 | D:11     | Noticed an ogre mage
 11825 | D:11     | Noticed a four-headed hydra
 11825 | D:11     | Noticed thiscave3701365's ghost (novice MiBe)
 11825 | D:11     | Noticed a deep troll earth mage
 11828 | D:11     | Found Cagac's Assorted Antiques.
 11850 | D:11     | Found Sivah's Weapon Boutique.
 11885 | D:11     | Reached skill level 14 in Shields
 12640 | D:12     | Reached skill level 10 in Armour
 12691 | D:12     | Found Jieluluzu's Armour Emporium.
 12733 | D:12     | Found a staircase to the Orcish Mines.
 13174 | D:12     | Upgraded the game from 0.29-a0-392-g297d3b089c to
                  | 0.29-a0-393-g47a863cc1b
 13176 | Orc:1    | Entered Level 1 of the Orcish Mines
 13422 | Orc:2    | Entered Level 2 of the Orcish Mines
 13422 | Orc:2    | Found a staircase to the Elven Halls.
 13424 | Orc:2    | Noticed a two-headed ogre
 13425 | Orc:2    | Found Qyeck's Weapon Boutique.
 13425 | Orc:2    | Noticed a two-headed ogre
 13425 | Orc:2    | Noticed a two-headed ogre
 13425 | Orc:2    | Noticed a two-headed ogre
 13427 | Orc:2    | Noticed an ogre mage
 13427 | Orc:2    | Noticed a two-headed ogre
 13428 | Orc:2    | Noticed a two-headed ogre
 13428 | Orc:2    | Noticed a two-headed ogre
 13430 | Orc:2    | Noticed a two-headed ogre
 13430 | Orc:2    | Noticed an ogre mage
 13497 | Orc:1    | Killed a two-headed ogre
 13501 | Orc:1    | Killed a two-headed ogre
 13586 | Orc:1    | Killed a two-headed ogre
 13592 | Orc:1    | Killed a two-headed ogre
 13598 | Orc:1    | Killed a two-headed ogre
 13599 | Orc:1    | Reached skill level 15 in Shields
 13684 | Orc:2    | Reached ***** piety under Qazlal
 13800 | Orc:1    | Killed a two-headed ogre
 13826 | Orc:1    | Reached XP level 13. HP: 112/112 MP: 12/12
 14144 | D:13     | Reached skill level 1 in Throwing
 14198 | D:13     | Reached skill level 10 in Fighting
 14257 | D:13     | Found a gate to the Vaults.
 14281 | D:13     | Noticed Maurice
 14314 | D:13     | Killed Maurice
 14570 | D:13     | Noticed Josephine
 14681 | D:13     | Killed Josephine
 14785 | D:13     | Reached skill level 16 in Shields
 16172 | Lair:3   | Reached skill level 1 in Stealth
 16267 | Lair:3   | Identified the +0 chain mail of Tius {Harm Str-4 Int+4
                  | Dex+8}
 16819 | Lair:4   | Found a staircase to the Swamp.
 17133 | Lair:4   | Found a runed translucent door.
 17135 | Lair:4   | Noticed Dobruq's ghost (journeyman OgTm)
 17438 | Lair:5   | Reached skill level 5 in Dodging
 17575 | Lair:5   | Reached XP level 14. HP: 119/122 MP: 13/13
 18348 | Lair:6   | Entered Level 6 of the Lair of Beasts
 18405 | Lair:6   | Found a snail-covered altar of Cheibriados.
 18424 | Lair:6   | Reached ****** piety under Qazlal
 18521 | Lair:6   | Reached skill level 17 in Shields
 19195 | Lair:6   | Noticed Bunu's ghost (journeyman TeAE)
 19228 | Lair:6   | Found a bloodstained altar of Trog.
 19240 | Lair:6   | Found a transporter.
 19245 | Lair:6   | Found a transporter.
 19711 | Lair:6   | Found a staircase to the Slime Pits.
 19711 | Lair:6   | Found a viscous altar of Jiyva.
 19998 | Slime:1  | Entered Level 1 of the Pits of Slime
 20005 | Slime:1  | Noticed a quicksilver ooze
 20008 | Slime:1  | Noticed a rockslime
 20010 | Slime:1  | Reached skill level 18 in Shields
 20041 | Lair:6   | Killed a quicksilver ooze
 20186 | Spider:1 | Entered Level 1 of the Spider Nest
 20619 | Orc:2    | Paralysed by an ogre mage for 2 turns
 20623 | Orc:1    | Reached XP level 15. HP: 78/132 MP: 14/14
 20677 | Orc:1    | Paralysed by an ogre mage for 3 turns
 20713 | Orc:2    | Found Fanloec's Assorted Antiques.
 20831 | Orc:2    | Found Hametz's Antique Armour Emporium.
 20854 | Orc:2    | Found Suakuch's General Store.
 20992 | Orc:2    | Found Alum's Armour Shop.
 21158 | Orc:2    | Found Demas's Weapon Shoppe.
 21309 | Elf:1    | Entered Level 1 of the Elven Halls
 21574 | Elf:1    | Paralysed by an air elemental for 1 turns
 21658 | Elf:1    | Reached skill level 15 in Axes
 22411 | Elf:1    | Reached skill level 19 in Shields
 22481 | Elf:1    | Found Icuy's Antique Armour Shoppe.
 22512 | Elf:1    | Bought a pair of glowing boots for 180 gold pieces
 22512 | Elf:1    | Bought a pair of runed boots for 180 gold pieces
 23009 | Orc:1    | Noticed an orc warlord
 23028 | Orc:1    | Killed an orc warlord
 23760 | D:14     | Found an ancient bone altar of Kikubaaqudgha.
 23941 | D:14     | Found a frozen archway.
 23954 | IceCv    | Entered an ice cave
 24334 | D:14     | Found Sapruo's Antique Armour Emporium.
 24466 | D:14     | Bought the +0 mask of the Dragon {Will+ Slay+3 SInv} for
                  | 701 gold pieces
 24466 | D:14     | Found the +0 mask of the Dragon {Will+ Slay+3 SInv}
 25697 | Spider:1 | Noticed an emperor scorpion
 25709 | Spider:1 | Killed an emperor scorpion
 25969 | Spider:1 | Reached XP level 16. HP: 93/142 MP: 15/15
 26486 | Spider:1 | Identified the +4 scale mail "Bickauto" {-Tele Will++
                  | Dex+3}
 27223 | Spider:1 | Succumbed to an emperor scorpion's poison

Illustrated notes

Levels and vault maps discovered:
D:1:      noname_arrival_rooms_in_the_neighbourhood, layout_rooms,
          shapermc_ecumenical_altar_pompeii, serial_park_tiny_pond,
          chequers_serial_rivers_micro_a, minmay_tree_intersection
D:2:      layout_basic, basic_altar, kennysheep_generic_room_4
D:3:      layout_loops_corners, tgw_sif, serial_aquarium,
          aquarium_bridge_straight [aquarium_subvault_bridge,
          aquarium_subvault_wall, aquarium_subvault_bridge,
          aquarium_subvault_wall], aquarium_bridge_island_small
          [aquarium_subvault_small_water, aquarium_subvault_wall,
          aquarium_subvault_bridge, aquarium_subvault_wall,
          aquarium_subvault_bridge], aquarium_window_fake,
          aquarium_window_corner, aquarium_window_fake, aquarium_window_1,
          aquarium_view_2a, aquarium_balcony_double_4, lemuel_old_faithful
D:4:      layout_loops_corners, mainiacjoe_overflow_big_doors,
          nicolae_concentric_dashed_squares_mild, uniq_grinder, uniq_sigmund
D:5:      cheibrodos_quashed, layout_loops_ring,
          grunt_temple_overflow_forces_of_nature, uniq_duvessa, uniq_menkaure
D:6:      layout_loops_ring, elyvilon_altar_4, ebering_ghost_disaster_area,
          bh_walls_and_bars
D:7:      layout_gridville, minmay_temple_entry_junction, worms_lemuel
D:8:      layout_basic
D:9:      layout_cave_pools, led_xom_imps, david_lair_shrubbed, serial_rivers,
          chequers_serial_rivers_small_b, chequers_serial_rivers_large_b,
          chequers_serial_rivers_room_a, chequers_serial_rivers_room_b
D:10:     layout_roguey
D:11:     layout_stronghold, ebering_ghost_gozag, serial_shops,
          nicolae_shop_statue_plus
D:12:     layout_rooms, orc_0_dummy, serial_shops,
          nicolae_shop_advertising_works [nicolae_subvault_shop_adworks]
D:13:     layout_grid_maze, david_vaults_2, uniq_maurice, uniq_josephine
D:14:     layout_stronghold, kiku_gazebo_pond_becter,
          portal_ice_cave_entry_pillars_four, serial_park_tiny_2,
          nicolae_inconvenience_store
Lair:1:   layout_roguey, grunt_megastairs_3, lemuel_fruit_tree
Lair:2:   layout_roguey, nicolae_spider_entry_tight_spaces, minivault_26,
          beast_lair_carwin_10
Lair:3:   layout_loops_ring
Lair:4:   layout_cave_shapes, minmay_swamp_entry_wisps,
          ebering_ghost_inner_flame, minivault_24
Lair:5:   layout_cave_pods
Lair:6:   evilmike_catoblepas_cave, layout_layer_cave, slime_altar_1,
          gammafunk_ghost_wrathful_warriors, kennysheep_snail_temple
Spider:1: layout_chambers, nicolae_looking_at_the_future,
          hangedman_spider_tarantella_strand
Spider:2: layout_spider_delve, nicolae_spider_altar_of_dancing
Slime:1:  layout_caves
Orc:1:    layout_diamond_mine
Orc:2:    st_orc_open, layout_caves, serial_shops, shop,
          nicolae_shop_statue_plus
Elf:1:    nicolae_elf_arrival_no_cutting_in_line, layout_geoelf_grid,
          serial_shops, nicolae_shop_stone, kennysheep_underground_church

Skill      XL: |  1  2  3  4  5  6  7  8  9 10 11 12 13 14 15 16 |
---------------+-------------------------------------------------+-----
Shields        | 4 5 6 8 9 11 13 15 16 18 19 | 19.9
Axes           | 3 4 5 6 7 8 10 12 14 16 | 16.1
Fighting       | 4 5 6 7 8 9 10 12 13 | 13.3
Armour         | 4 5 6 7 8 9 10 11 12 13 | 13.4
Dodging        | 1 2 3 4 5 6 |  6.0
Short Blades   | 2 4 |  4.7
Maces & Flails | 5 9 12 | 12.7
Throwing       | 1 2 |  2.7
Stealth        | 1 2 |  2.9
Evocations     | |  0.7

Action                   |  1- 3 |  4- 6 |  7- 9 | 10-12 | 13-15 | 16-18 || total
-------------------------+-------+-------+-------+-------+-------+-------++-------
Melee: War axe           |    88 |    66 |   188 |     7 |   763 |    49 ||  1161
       Headbutt          |    12 |     8 |    44 |   106 |   238 |     8 ||   416
       Short sword       |       |       |    94 |    76 |    42 |       ||   212
       Morningstar       |       |       |       |   483 |    48 |       ||   531
       Hand axe          |       |       |       |       |    55 |       ||    55
Throw: Boomerang         |       |     2 |       |     4 |    38 |       ||    44
Evoke: Wand              |       |       |       |       |     4 |       ||     4
  Use: Potion            |       |     1 |     1 |     3 |     5 |       ||    10
       Scroll            |       |       |    11 |    11 |    24 |       ||    46
 Stab: Petrified         |       |       |       |       |     3 |       ||     3
       Paralysed         |       |       |       |       |     7 |       ||     7
       Petrifying        |       |       |       |       |     2 |       ||     2
       Confused          |       |       |       |       |     1 |       ||     1
Armor: Scale mail        |    24 |       |       |       |       |       ||    24
       Chain mail        |    32 |    37 |   229 |   335 |   455 |    22 ||  1110
Dodge: Dodged            |    38 |     3 |    65 |   161 |   217 |    17 ||   501
       Repelled          |       |       |       |       |     7 |       ||     7
Block: Buckler           |    32 |       |       |       |       |       ||    32
       Reflection        |     1 |       |       |       |       |       ||     1
       Tower shield      |    23 |    59 |   275 |   864 |  1235 |    82 ||  2538

Table legend: (Time is in decaauts)
 A = Elapsed time spent in this place.
 B = Non-inter-level travel time spent in this place.
 C = Inter-level travel time spent in this place.
 D = Time resting spent in this place.
 E = Time spent auto-exploring this place.
 F = Levels seen in this place.
 G = Mean time per level.
                   A        B        C        D        E       F      G
               +--------+--------+--------+--------+--------+-----+--------+
         Total |  27551 |  27547 |      4 |    645 |      0 |  27 | 1020.4 |
       Dungeon |  15359 |  15355 |      4 |    253 |      0 |  14 | 1097.1 |
          Lair |   6722 |   6722 |      0 |     91 |      0 |   6 | 1120.3 |
   Spider Nest |   1608 |   1608 |      0 |     31 |      0 |   2 |  804.0 |
    Slime Pits |     13 |     13 |      0 |      0 |      0 |   1 |   13.0 |
  Orcish Mines |   2114 |   2114 |      0 |    223 |      0 |   2 | 1057.0 |
   Elven Halls |   1411 |   1411 |      0 |     20 |      0 |   1 | 1411.0 |
      Ice Cave |    321 |    321 |      0 |     27 |      0 |   1 |  321.0 |
               +--------+--------+--------+--------+--------+-----+--------+

Top non-repeatable levels by time:
    D:13: 1743 daAuts
    D:11: 1711 daAuts
  Lair:6: 1653 daAuts
Spider:1: 1596 daAuts
  Lair:2: 1535 daAuts
     D:3: 1472 daAuts
   Elf:1: 1411 daAuts
    D:14: 1235 daAuts
     D:7: 1180 daAuts
     D:4: 1140 daAuts
     D:9: 1131 daAuts
   Orc:1: 1089 daAuts
  Lair:5: 1054 daAuts
   Orc:2: 1025 daAuts
  Lair:1: 991 daAuts
